 Dungeon Crawl Stone Soup version 0.29-a0-789-g7a8fcbc185 (webtiles) character file.

Game seed: 11033975571785369660

18894 purpskrrrp the Unseen (level 12, -3/62 HPs)
             Began as a Vine Stalker Brigand on July 3, 2022.
             Was an Initiate of Gozag.
             Slain by a boulder beetle (18 damage)
             ... on level 12 of the Dungeon.
             The game lasted 01:33:36 (13701 turns).

purpskrrrp the Unseen (Vine Stalker Brigand)       Turns: 13701, Time: 01:33:37

Health: -3/62      AC: 12    Str: 14    XL:     12   Next: 63%
Magic:  0/13       EV: 16    Int: 19    God:    Gozag
Gold:   1768       SH:  0    Dex: 21    Spells: 11/11 levels left

rFire   x x .      SeeInvis +   l - +8 quick blade
rCold   . . .      Faith    .   (no shield)
rNeg    + . .      Spirit   +   D - +2 steam dragon scales
rPois   +          Reflect  .   F - +0 helmet
rElec   .          Harm     .   c - +2 cloak
rCorr   .          Rampage  .   (no gloves)
Will    ++...                   H - +0 pair of boots
Stlth   +++++++...              t - amulet of regeneration
HPRegen 1.80/turn               w - ring "Vinu" {rPois rF- rN+ Int+8 SInv}
MPRegen 0.13/turn               A - ring of Toecking {Drain Fly rPois rF- Will+}

@: flying
A: fangs 3, regeneration 1, magic shield, antimagic bite, no potion heal 2
a: Renounce Religion, Potion Petition, Call Merchant, Bribe Branch


You were on level 12 of the Dungeon.
You worshipped Gozag.
Gozag was most pleased with you.
You visited 2 branches of the dungeon, and saw 15 of its levels.

You collected 2187 gold pieces.
You spent 350 gold pieces at shops.
You paid 69 gold pieces to Gozag.

Inventory:

Hand Weapons
 a - a +2 dagger of chaos
 l - a +8 quick blade (weapon)
 m - a +2 dagger of venom
 q - the +7 hammer "Jelly's Demise" {freeze, rC++ Will++ rCorr}
   (You found it on level 5 of the Dungeon)

   It freezes those it strikes, dealing additional cold damage.
   It can also slow down cold-blooded creatures.
   rC:        It greatly protects you from cold.
   rCorr:     It protects you from acid and corrosion.
   Will:      It greatly increases your willpower.
Missiles
 d - 44 poisoned darts
 L - 4 javelins
 Q - 2 curare-tipped darts
Armour
 b - a +0 robe
 c - a +2 cloak (worn)
 y - the +1 ring mail of Ejytodwo {+Blink Will+}
   (You found it on level 5 of the Dungeon)

   +Blink:    It lets you blink.
   Will:      It increases your willpower.
 D - +2 steam dragon scales (worn)
 F - a +0 helmet (worn)
 H - a +0 pair of boots (worn)
Jewellery
 k - an amulet of magic regeneration
 p - a +4 ring of protection
 r - an amulet of reflection
 t - an amulet of regeneration (around neck)
 w - the ring "Vinu" (left hand) {rPois rF- rN+ Int+8 SInv}
   (You acquired it on level 5 of the Dungeon)

   [ring of poison resistance]

   Int:       It affects your intelligence (+8).
   rF:        It makes you vulnerable to fire.
   rPois:     It protects you from poison.
   rN:        It protects you from negative energy.
   SInv:      It lets you see invisible.
 A - the ring of Toecking (right hand) {Drain Fly rPois rF- Will+}
   (You found it on level 6 of the Dungeon)

   [ring of willpower]

   rF:        It makes you vulnerable to fire.
   rPois:     It protects you from poison.
   Fly:       It grants you flight.
   Drain:     It drains your maximum health when unequipped.
   Will:      It increases your willpower.
 O - a +4 ring of evasion
 R - a ring of ice
Wands
 K - a wand of paralysis (1)
 M - a wand of roots (10) (quivered)
Scrolls
 e - 4 scrolls of vulnerability
 f - 5 scrolls of teleportation
 i - 8 scrolls of identify
 n - a scroll of immolation
 z - a scroll of amnesia
 E - a scroll of poison
 J - a scroll of noise
Potions
 g - 3 potions of lignification
 h - 8 potions of heal wounds
 j - 2 potions of haste
 o - 4 potions of degeneration
 s - 4 potions of curing
 v - 2 potions of cancellation
 B - 2 potions of brilliance
 C - 3 potions of attraction
 G - 2 potions of magic
 N - 2 potions of flight
Miscellaneous
 I - a phial of floods


   Skills:
 + Level 6.6 Fighting
 * Level 11.4 Short Blades
 + Level 4.8 Throwing
 + Level 5.5 Dodging
 * Level 16.4 Stealth
 + Level 1.1 Evocations


You had 11 spell levels left.
You didn't know any spells.
Your spell library contained the following spells:

 Spells                   Type           Power      Damage    Failure   Level
 Olgreb's Toxic Radiance  Pois           0%         N/A       90%         4
 Ozocubu's Refrigeration  Ice            0%         4d5       100%        7
 Borgnjor's Revivificati  Necr           0%         N/A       100%        8
 Ignition                 Fire           0%         3d3       100%        8
 Necromutation            Tmut/Necr      0%         N/A       100%        8
 Death's Door             Necr           0%         N/A       100%        9


Dungeon Overview and Level Annotations

Branches:
Dungeon (14/15)            Temple (1/1) D:4            Lair (0/6) D:11
    Orc (0/2) D:11
 Vaults: D:13-14

Altars:
Ashenzari
Cheibriados
Dithmenos
Elyvilon
Fedhas
Gozag
Hepliaklqana
Kikubaaqudgha
Makhleb
Nemelex Xobeh
Okawaru
Qazlal
Ru
Sif Muna
Trog
Uskayaw
Vehumet
Wu Jian
Xom
Yredelemnul
Zin
The Shining One

Shops:
D:8 [   D:9 [*   D:10 =   D:14 *

Annotations:
D:8 2 transporters, peter4's ghost, novice DsGl
D:9 2 transporters, exclusion: ice statue, Sobieck's ghost, novice DgCj


Innate Abilities, Weirdness & Mutations

You have razor-sharp teeth.
Your natural rate of healing is unusually fast.
When hurt, damage is shared between your health and your magic reserves.
Your bite disrupts and absorbs the magic of your enemies.
Potions cannot restore your health.


Message History

The manticore is severely wounded.
You puncture the manticore! You bite the manticore. You drain its power.
The manticore is almost dead.
You hit the manticore. Your punch misses the manticore. You bite the manticore.
You kill the manticore!
You now have 1768 gold pieces (gained 16).
There is a stone staircase leading up here.
Things that are here:
a +0 giant club; a +0 giant club The centaur warrior is distracted by your dazzling golden aura.
The centaur warrior is no longer distracted by gold.
Aiming: Fastroot
Press: ? - help, Q - select action, (/) - cycle Shift-Dir - straight line, f - centaur warrior
Aim: a centaur warrior (wandering, hasn't noticed you)
The roots erupt in riotous growth!
Roots grab the centaur warrior.
The grasping roots constrict the centaur warrior.
You hear a roar!
You hear a shout!
The centaur warrior wields a +0 shortbow.
The centaur warrior shoots an arrow.
The arrow hits you.
The centaur warrior shoots an arrow.
The arrow closely misses you.
The grasping roots constrict the centaur warrior!
The roots release their grip on the centaur warrior.
The centaur warrior shoots an arrow.
The arrow hits you!
The centaur warrior shoots an arrow.
The arrow hits you.
The boulder beetle curls into a ball and begins rolling!
The centaur warrior shoots an arrow.
The arrow hits you!
The centaur warrior shoots an arrow.
The arrow closely misses you.
The centaur warrior shoots an arrow.
The arrow hits you!
Things that are here:
a +0 giant club; a +0 giant club The boulder beetle attacks as you move away!
The boulder beetle hits you!!
The boulder beetle stops rolling and uncurls.
The centaur warrior shoots an arrow.
The arrow hits you!
* * * LOW HITPOINT WARNING * * *
There is a stone staircase leading up here.
The boulder beetle bites you!!
You die...
Your body crumbles into a pile of gold.

#....# #.######.# #.# #....# #.#
#.####.####### #....# #.#
#.#........... #..#.# #.#
#.#.##........ #..#.# #.#
#.#.########## #..#.# #.# #.#.#
## #..#.########.######.#.######
##.
...#..........##.B.c........###.#
#...###.........@##..c......##.<#
#.......#########....#)###..##..#
#...##..#....>......##°# #..##.#.
######..#.###.###.####○# #.....##
#..#.# #.# #.# #°###..#####
#..#.# #.# #.# #.c.......).
#..#.##^## ### ##.##<######
#..#.### ####### #.#########
#..#.# ##.....###.###..o.?#


You could see a boulder beetle and a centaur warrior.

Vanquished Creatures
  A catoblepas (D:12)
  3 two-headed ogres
  2 centaur warriors (D:12)
  A wizard (D:12)
  2 deep elf pyromancers (D:12)
  A cyclops (D:12)
  A manticore (D:12)
  2 ugly things
  A gargoyle (D:11)
  Maggie (D:6)
  3 unseen horrors
  3 komodo dragons
  4 kobold demonologists
  3 trolls
  3 slime creatures (D:12)
  A shadow (D:11)
  2 vampires
  3 wyverns
  3 basilisks (D:11)
  4 wraiths
  Eustachio (D:5)
  6 yaks
  The ghost of zhov the Twirler, an amateur FoFi (D:3)
  3 vampire mosquitoes (D:12)
  Menkaure (D:5)
  2 steam dragons
  An acid dragon (D:11)
  2 water moccasins
  A hornet zombie (D:5)
  7 orc warriors
  2 ice beasts
  A sky beast (D:7)
  2 black bears
  The ghost of IdlyInterested the Ducker, an amateur DsMo (D:3)
  2 centaurs
  2 phantoms
  4 kobold brigands
  The ghost of purpskrrrp the Shooter, an amateur DEHu (D:3)
  2 bullfrogs
  The ghost of SirDiesAlot the Sneak, an amateur SpEn (D:3)
  2 scorpions
  4 wights (D:9)
  A water moccasin zombie (D:5)
  5 killer bees (D:9)
  2 electric eels (D:11)
  2 howler monkeys
  2 centaur zombies (D:5)
  2 boudas
  A bullfrog zombie (D:5)
  3 bullfrog skeletons (D:5)
  Crazy Yiuf (D:5)
  4 orc priests (D:11)
  2 hounds
  A jelly (D:5)
  A centaur skeleton (D:5)
  An iguana (D:4)
  14 orc wizards
  A killer bee zombie (D:5)
  A hound zombie (D:5)
  2 hound skeletons (D:5)
  12 gnolls
  20 adders
  2 shadow imps
  A white imp (D:5)
  An ufetubus (D:6)
  4 worms
  2 dart slugs (D:4)
  37 orcs
  9 ball pythons
  5 endoplasms
  3 giant cockroaches (D:1)
  5 goblins
  5 hobgoblins
  8 jackals
  11 kobolds
  4 quokkas
  3 bats
  6 frilled lizards
  10 rats
287 creatures vanquished.

Vanquished Creatures (others)
  2 kobolds (D:11)
  5 plants (D:5)
  5 withered plants
12 creatures vanquished.

Grand Total: 299 creatures vanquished

Notes
Turn   | Place    | Note
-------+----------+-------------------------------------------
     0 | D:1      | purpskrrrp the Vine Stalker Brigand began the quest for the
                  | Orb.
     0 | D:1      | Reached XP level 1. HP: 11/11 MP: 2/2
    25 | D:1      | Reached skill level 5 in Stealth
   230 | D:1      | Reached XP level 2. HP: 15/15 MP: 3/3
   783 | D:1      | Reached skill level 6 in Stealth
   922 | D:2      | Reached XP level 3. HP: 18/18 MP: 4/4
  1350 | D:2      | Found Locvewij's Antique Weapon Shop.
  1535 | D:2      | Gained mutation: Your natural rate of healing is unusually
                  | fast. [Vine Stalker growth]
  1535 | D:2      | Reached XP level 4. HP: 17/23 MP: 5/5
  1771 | D:3      | Found a runed translucent gate.
  1771 | D:3      | Found a runed translucent gate.
  1771 | D:3      | Found a runed translucent gate.
  1998 | D:3      | Found a burning altar of Makhleb.
  2013 | D:3      | Found a white marble altar of Elyvilon.
  2086 | D:3      | Found a stormy altar of Qazlal.
  2233 | D:3      | Noticed SirDiesAlot's ghost (amateur SpEn)
  2233 | D:3      | Noticed IdlyInterested's ghost (amateur DsMo)
  2233 | D:3      | Noticed zhov's ghost (amateur FoFi)
  2233 | D:3      | Noticed purpskrrrp's ghost (amateur DEHu)
  2336 | D:3      | Reached skill level 7 in Stealth
  2431 | D:3      | Reached XP level 5. HP: 18/26 MP: 6/6
  2476 | D:3      | Found a basalt altar of Yredelemnul.
  3223 | D:4      | Found a staircase to the Ecumenical Temple.
  3326 | D:4      | Reached XP level 6. HP: 30/30 MP: 7/7
  3709 | Temple   | Entered the Ecumenical Temple
  3912 | Temple   | Became a worshipper of Gozag Ym Sagoz the Greedy
  3923 | Temple   | Identified a scroll of acquirement
  3923 | Temple   | Acquired a +5 quick blade
  4076 | D:5      | Entered Level 5 of the Dungeon
  4092 | D:5      | Reached skill level 8 in Stealth
  4104 | D:5      | Reached skill level 1 in Dodging
  4146 | D:5      | Found a runed translucent door.
  4149 | D:5      | Identified the +7 hammer "Jelly's Demise" {freeze, rC++
                  | Will++ rCorr}
  4154 | D:5      | Noticed Crazy Yiuf
  4197 | D:5      | Noticed a black bear
  4214 | D:5      | Reached XP level 7. HP: 35/35 MP: 8/8
  4227 | D:5      | Reached skill level 9 in Stealth
  4406 | D:5      | Noticed Eustachio
  4605 | D:5      | Noticed Menkaure
  4654 | D:5      | Killed Eustachio
  4655 | D:5      | Reached skill level 5 in Short Blades
  4655 | D:5      | Gained mutation: You have razor-sharp teeth. [Vine Stalker
                  | growth]
  4655 | D:5      | Reached XP level 8. HP: 39/39 MP: 9/9
  4668 | D:5      | Reached skill level 10 in Stealth
  4696 | D:5      | Killed Menkaure
  5171 | D:5      | Identified the +1 ring mail of Ejytodwo {+Blink Will+}
  5539 | D:5      | Acquired the ring "Vinu" {rPois rF- rN+ Int+8 SInv}
  5606 | D:5      | Killed Crazy Yiuf
  5821 | D:6      | Reached XP level 9. HP: 44/44 MP: 10/10
  5848 | D:6      | Identified the ring of Toecking {Drain Fly rPois rF- Will+}
  5872 | D:6      | Noticed Maggie
  5943 | D:6      | Reached skill level 11 in Stealth
  6245 | D:6      | Killed Maggie
  6593 | D:7      | Noticed a komodo dragon
  7345 | D:7      | Killed a komodo dragon
  7346 | D:7      | Reached skill level 12 in Stealth
  7373 | D:7      | Reached XP level 10. HP: 49/49 MP: 11/11
  7525 | D:8      | Found a glowing golden altar of the Shining One.
  7683 | D:8      | Found Qafunk's Antique Armour Shop.
  7899 | D:8      | Found a transporter.
  7907 | D:8      | Noticed a moth of wrath
  7948 | D:8      | Found a transporter.
  7954 | D:8      | Noticed peter4's ghost (novice DsGl)
  8605 | D:3      | Killed SirDiesAlot's ghost
  8615 | D:3      | Killed IdlyInterested's ghost
  8621 | D:3      | Killed zhov's ghost
  8629 | D:3      | Killed purpskrrrp's ghost
  8786 | D:9      | Noticed a kobold demonologist
  8802 | D:9      | Noticed a sun demon
  8810 | D:9      | HP: 2/50 [sun demon[a kobold demonologist] (12)]
  8905 | D:9      | Found a transporter.
  8994 | D:9      | Noticed an ice statue
  8997 | D:9      | Found a transporter.
  9033 | D:9      | Noticed Sobieck's ghost (novice DgCj)
  9039 | D:9      | Noticed a kobold demonologist
  9059 | D:9      | Noticed a cyclops
  9133 | D:9      | Found Cafodid's Armour Shoppe.
  9277 | D:9      | Found a blossoming altar of Fedhas.
  9279 | D:9      | Found a shadowy altar of Dithmenos.
  9280 | D:9      | Found a sparkling altar of Nemelex Xobeh.
  9287 | D:9      | Found Naenuc's Changing Room.
  9342 | D:9      | Noticed a green ugly thing
  9348 | D:9      | Killed a green ugly thing
  9414 | D:9      | Killed a kobold demonologist
  9415 | D:9      | Reached skill level 13 in Stealth
  9576 | D:10     | Entered Level 10 of the Dungeon
  9621 | D:10     | Reached skill level 5 in Fighting
  9679 | D:10     | Found Sauluwn's Jewellery Boutique.
  9679 | D:10     | Noticed a kobold demonologist
  9679 | D:10     | Noticed a kobold demonologist
  9681 | D:10     | Noticed a kobold demonologist
  9692 | D:10     | Noticed a sun demon
  9693 | D:10     | Killed a kobold demonologist
  9694 | D:10     | Reached skill level 10 in Short Blades
  9707 | D:10     | Reached XP level 11. HP: 50/56 MP: 12/12
  9714 | D:10     | Noticed a sixfirhy
  9951 | D:10     | Noticed a two-headed ogre
  9984 | D:10     | Killed a two-headed ogre
 10618 | D:10     | You are sucked into a shaft and drop 2 floors!
 10633 | D:12     | Noticed a catoblepas
 10634 | D:12     | Noticed an orc knight
 10634 | D:12     | Noticed a manticore
 10678 | D:12     | Noticed a two-headed ogre
 10685 | D:12     | Killed a two-headed ogre
 10686 | D:12     | Reached skill level 14 in Stealth
 10745 | D:11     | Noticed a green ugly thing
 10920 | D:12     | Noticed a deep elf pyromancer
 10927 | D:12     | Killed a deep elf pyromancer
 10998 | D:12     | Noticed an eight-headed hydra
 11118 | D:12     | Noticed a boulder beetle
 11327 | D:11     | Noticed a two-headed ogre
 11338 | D:11     | Killed a two-headed ogre
 11339 | D:11     | Reached skill level 1 in Evocations
 11418 | D:11     | Reached skill level 15 in Stealth
 11580 | D:11     | Found a staircase to the Orcish Mines.
 11733 | D:11     | Killed a green ugly thing
 11734 | D:11     | Reached skill level 5 in Dodging
 11734 | D:11     | Reached XP level 12. HP: 54/62 MP: 11/13
 12284 | D:11     | Found a staircase to the Lair.
 12977 | D:12     | Noticed a centaur warrior
 12979 | D:12     | Noticed a centaur warrior
 12983 | D:12     | Noticed a boulder beetle
 12984 | D:12     | Noticed a centaur warrior
 12996 | D:12     | Reached skill level 16 in Stealth
 13003 | D:12     | Killed a centaur warrior
 13246 | D:12     | You are sucked into a shaft and drop 2 floors!
 13273 | D:14     | Found Nopsaqie's General Store.
 13282 | D:14     | Bought 2 potions of haste for 260 gold pieces
 13282 | D:14     | Bought a scroll of magic mapping for 45 gold pieces
 13282 | D:14     | Bought a scroll of magic mapping for 45 gold pieces
 13522 | D:12     | Killed a centaur warrior
 13601 | D:12     | Killed a catoblepas
 13701 | D:12     | Slain by a boulder beetle

Illustrated notes

Levels and vault maps discovered:
D:1:      minmay_arrival_three_doors, layout_basic, chequers_hall_statues_y
D:2:      layout_loops_cross, serial_shops, nicolae_shop_trees
D:3:      layout_basic, nicolae_overflow_quartered_altars,
          gammafunk_ghost_cemetery, minmay_misc_feat_alley,
          kennysheep_pointless_box
D:4:      layout_loops_ring, minmay_temple_entry_slanted
D:5:      layout_cave_pools, serial_undead, serial_undead_e, serial_undead_f,
          serial_undead_b, serial_undead_b, serial_undead_b, serial_undead_d,
          chequers_big_river, uniq_menkaure, uniq_crazy_yiuf_cottage,
          uniq_eustachio
D:6:      layout_basic, uniq_maggie
D:7:      layout_loops_ring
D:8:      layout_cave_pods, overflow_temple_1_default, serial_shops, shop,
          gammafunk_ghost_berserking_beasts
D:9:      layout_gridville, chequers_temple_overflow_statue_of_worship,
          serial_shops, nicolae_shop_waterfront, nzn_ghost_randoct,
          nicolae_transmutations_shop
D:10:     layout_cave_pods, serial_shops, nicolae_shop_trees
D:11:     layout_small_grid, erik_lair_dragon, erik_orc_2
D:12:     minmay_crescents, layout_loops_ring
D:13:     layout_irregular_city, erik_vaults_1, gammafunk_ghost_crypt,
          uniq_snorg, uniq_sonja
D:14:     layout_layer_cave, serial_shops,
          nicolae_shop_temple_entry_statues_fountains,
          nicolae_cairo_tiling_large, grunt_ministairs_15, minivault_11
Temple:   eino_temple_water

Skill      XL: |  1  2  3  4  5  6  7  8  9 10 11 12 |
---------------+-------------------------------------+-----
Stealth        | 5 6 7 8 9 10 12 13 15 16 | 16.4
Short Blades   | 2 3 5 6 8 10 11 | 11.4
Fighting       | 2 3 4 5 6 |  6.6
Dodging        | 1 2 3 4 5 |  5.5
Throwing       | 2 4 |  4.8
Evocations     | 1 |  1.1

Action                   |  1- 3 |  4- 6 |  7- 9 | 10-12 || total
-------------------------+-------+-------+-------+-------++-------
Melee: Dagger            |    73 |   101 |       |       ||   174
       Bite              |     8 |    23 |   105 |   211 ||   347
       Quick blade       |       |    30 |   267 |   534 ||   831
       Punch             |       |     1 |     3 |     6 ||    10
Throw: Dart              |       |     6 |    38 |    77 ||   121
       Throwing net      |       |       |       |     1 ||     1
Evoke: Wand              |       |       |       |    11 ||    11
  Use: Scroll            |     5 |    10 |    12 |    19 ||    46
       Potion            |       |       |       |     2 ||     2
 Stab: Sleeping          |    14 |    19 |     6 |    17 ||    56
       Distracted        |       |     3 |     3 |     2 ||     8
       Held in net/web   |       |       |       |     2 ||     2
       Paralysed         |       |       |       |     1 ||     1
       Invisible         |       |       |       |     1 ||     1
Armor: Robe              |     8 |    20 |    22 |       ||    50
       Ring mail         |       |       |    12 |       ||    12
       Steam dragon scal |       |       |     8 |    90 ||    98
Dodge: Dodged            |    31 |    69 |    95 |   149 ||   344

Table legend: (Time is in decaauts)
 A = Elapsed time spent in this place.
 B = Non-inter-level travel time spent in this place.
 C = Inter-level travel time spent in this place.
 D = Time resting spent in this place.
 E = Time spent auto-exploring this place.
 F = Levels seen in this place.
 G = Mean time per level.
                   A        B        C        D        E       F      G
               +--------+--------+--------+--------+--------+-----+--------+
         Total |  13119 |  10643 |   2476 |    979 |   7078 |  15 |  874.6 |
       Dungeon |  12785 |  10348 |   2437 |    879 |   6912 |  14 |  913.2 |
        Temple |    334 |    295 |     39 |    100 |    166 |   1 |  334.0 |
               +--------+--------+--------+--------+--------+-----+--------+

Top non-repeatable levels by time:
     D:5: 1574 daAuts
    D:11: 1427 daAuts
     D:3: 1326 daAuts
    D:12: 1246 daAuts
     D:8: 1088 daAuts
    D:10: 1064 daAuts
     D:7: 1022 daAuts
     D:2: 894 daAuts
     D:1: 868 daAuts
     D:4: 808 daAuts
     D:6: 701 daAuts
     D:9: 650 daAuts
  Temple: 334 daAuts
    D:13: 59 daAuts
    D:14: 51 daAuts
